 Dungeon Crawl Stone Soup version 0.31-a0-986-g5e6e4ef867 (webtiles) character file.

Game seed: 7875581835877356507

117023 Lobster4 the Warrior (level 17, 0/117 HPs)
             Began as a Djinni Gladiator on Nov 8, 2023.
             Slain by a Hell Sentinel (22 damage)
             ... on level 3 of the Abyss.
             The game lasted 02:10:08 (27539 turns).

Lobster4 the Warrior (Djinni Gladiator)            Turns: 27539, Time: 02:10:09

Health: 0/117      AC: 20    Str: 17    XL:     17   Next: 27%
Gold:   1895       EV: 22    Int: 21    God:
                   SH:  9    Dex: 15

rFire   + + .        y - +5 long sword of the Tundras {pain, Str+4 Int+3}
rCold   x . .        J - +2 buckler
rNeg    . . .        M - +3 troll leather armour
rPois   ∞            x - +2 helmet
rElec   .            I - scarf {repulsion}
rCorr   .            l - +2 pair of gloves of Cowardice {Contam rPois Stlth+}
SInv    .            (boots unavailable)
Will    +....        F - amulet of the acrobat
Stlth   +++          q - +4 ring of protection
HPRegen 1.19/turn    H - +5 ring of evasion
MPRegen 0.00/turn

%: repel missiles, acrobat, infuse magic (-1 HP)
@: flying, studying Poison Magic
A: sickness immunity, fire resistance 2, cold vulnerability 1, float, innate
caster, HP casting, extra vitality 1, iridescent scales 1, frail 1, screaming 1,
evolution 1
a: no special abilities


You were on level 3 of the Abyss.
You visited 5 branches of the dungeon, and saw 23 of its levels.
You visited the Abyss 2 times.
You also visited: Sewer.

You collected 2257 gold pieces.
You spent 362 gold pieces at shops.

Inventory:

Hand Weapons
 a - a +3 trident of draining
 e - a +2 trident
 y - the +5 long sword of the Tundras (weapon) {pain, Str+4 Int+3}
   (You found it on level 1 of the Lair of Beasts)

   Str+4:     It affects your strength (+4).
   Int+3:     It affects your intelligence (+3).
 S - the +9 glaive of the Common Good {flame, rN+ Stlth+}
   (You found it on level 3 of the Lair of Beasts)

   rN+:       It protects you from negative energy.
   Stlth+:    It makes you more stealthy.
Missiles
 n - 69 poisoned darts
 v - 11 javelins (quivered)
 E - 18 boomerangs
 G - 3 datura-tipped darts
 Y - 3 silver javelins
Armour
 k - a +1 robe of resistance
 l - the +2 pair of gloves of Cowardice (worn) {Contam rPois Stlth+}
   (You found it on level 2 of the Dungeon)

   rPois:     It protects you from poison Contam: It causes magical
   contamination when unequipped.
   Stlth+:    It makes you more stealthy.
 r - a +1 leather armour of fire resistance
 x - a +2 helmet (worn)
 I - a scarf of repulsion (worn)
 J - a +2 buckler (worn)
 L - the +3 hat of Pondering {ponderous, Will+ MP+10 Int+5}
   (You took it off Gastronok on level 10 of the Dungeon)

   Int+5:     It affects your intelligence (+5).
   Will+:     It increases your willpower.
   MP+10:     It affects your magic capacity (+10).
 M - a +3 troll leather armour (worn)
 O - a +2 robe of willpower
 U - a +0 cloak
Magical Staves
 d - a staff of cold
 h - a staff of conjuration
 X - the staff of Sudiuf {+Blink rPois rF+ rC+ Int-2 Fire}
   (You found it on level 5 of the Lair of Beasts)

   [staff of fire]

   Base accuracy: +5 Base damage: 5 Base attack delay: 1.2 This weapon's minimum
   attack delay (0.6) is reached at skill level 12.
   Int-2:     It affects your intelligence (-2).
   rF+:       It protects you from fire.
   rC+:       It protects you from cold.
   rPois:     It protects you from poison +Blink: It lets you blink.
   Fire:      It increases the power of your Fire spells.
   It falls into the 'Staves' category.
   It is a one-handed weapon.
Jewellery
 m - a ring of protection from fire
 q - a +4 ring of protection (left hand)
 F - an amulet of the acrobat (around neck)
 H - a +5 ring of evasion (right hand)
 T - a ring of ice
Wands
 c - a wand of flame (25)
 z - a wand of mindburst (10)
 K - a wand of iceblast (8)
 Q - a wand of paralysis (8)
Scrolls
 p - a scroll of poison
 s - 2 scrolls of teleportation
 u - a scroll of fear
 D - a scroll of immolation
 N - 2 scrolls of revelation
 V - 3 scrolls of identify
 W - 2 scrolls of enchant weapon
Potions
 f - 6 potions of curing
 g - 2 potions of cancellation
 i - a potion of invisibility
 j - a potion of enlightenment
 o - a potion of ambrosia
 t - 3 potions of might
 w - 3 potions of heal wounds
 A - a potion of lignification
 B - 2 potions of brilliance
 C - 6 potions of haste
 P - a potion of resistance
Miscellaneous
 R - a condenser vane


   Skills:
 + Level 15.0 Fighting
 + Level 9.5 Long Blades
 - Level 5.9(6.0) Polearms
 - Level 0.7(4.1) Staves
 - Level 2.0 Throwing
 + Level 11.4 Armour
 + Level 11.6 Dodging
 - Level 2.0 Stealth
 - Level 10.0 Shields
 + Level 10.1 Spellcasting
 + Level 10.1 Conjurations
 + Level 10.1 Hexes
 + Level 10.1 Summonings
 + Level 10.1 Necromancy
 + Level 10.1 Translocations
 + Level 10.1 Transmutations
 + Level 10.1 Fire Magic
 + Level 10.1 Ice Magic
 + Level 10.1 Air Magic
 + Level 10.1 Earth Magic
 + Level 12.9 Poison Magic
 - Level 5.0 Evocations


You knew the following spells:

 Your Spells              Type           Power      Damage    Failure   Level
a - Foxfire               Conj/Fire      100%       2x1d9     1%          1
b - Searing Ray           Conj           100%       2d8       1%          2
c - Static Discharge      Conj/Air       100%       3-8/arc   1%          2
d - Ozocubu's Armour      Ice            52%        N/A       1%          3
e - Borgnjor's Vile Clut  Necr/Erth      26%        N/A       3%          5
f - Alistair's Intoxicat  Tmut/Pois      37%        N/A       2%          5
g - Conjure Ball Lightni  Conj/Air       26%        3x3d7     22%         6
h - Dispersal             Tloc           26%        N/A       22%         6
Your spell library was empty.

Dungeon Overview and Level Annotations

Branches:
Dungeon (11/15)            Temple (1/1) D:7            Lair (5/5) D:8
  Swamp (4/4) Lair:2       Spider (0/4) Lair:3        Slime (0/5) Lair:5
    Orc (2/2) D:10            Elf (0/3) Orc:2         Sewer (visited)

Altars:
Ashenzari
Cheibriados
Dithmenos
Elyvilon
Fedhas
Gozag
Hepliaklqana
Makhleb
Nemelex Xobeh
Okawaru
Qazlal
Ru
Trog
Uskayaw
Wu Jian
Xom
Yredelemnul
Zin
The Shining One
Jiyva

Shops:
D:5 *   D:8 [   Orc:2 :*[?:[

Portals:
Pandemonium: Orc:2

Annotations:
D:8 3 runed translucent doors, Xavori's ghost, novice DjCK
D:11 Amaemon; Harold
Orc:1 3 runed translucent doors, Jorgrun; Kot Teycw's ghost, journeyman DrSh


Innate Abilities, Weirdness & Mutations

You are immune to sickness and miasma.
You are immune to poison.
Your flesh is very heat resistant. (rF++)
You are vulnerable to cold. (rC-)
You float through the air rather than walking.
You learn spells naturally, not from books.
Your magical power is your life essence.
You have superior vitality. (+4 MHP)
You are partially covered in iridescent scales. (AC +2)
You are frail. (-10% HP)
You occasionally shout uncontrollably at your foes.
You have hidden genetic potential.


Message History

Your icy armour evaporates.
The neqoxec hits you. The raiju misses you.
The large abomination closely misses you.
The raiju barely misses you. You block the raiju's attack.
You hit the neqoxec.
The neqoxec is heavily wounded.
The large abomination completely misses you.
You block the raiju's attack. The raiju bites you but does no damage.
The neqoxec gestures at you.
Something tries to feed on your intellect!
The raiju bursts into living lightning!
The living lightning hits you!
* * * LOW HITPOINT WARNING * * *
The raiju blinks!
You hit the neqoxec but do no damage.
The neqoxec is heavily wounded.
The large abomination hits you but does no damage.
You block the raiju's attack.
The neqoxec hits you but does no damage.
The raiju misses you.
You slash the neqoxec!
The neqoxec is almost dead.
You block the large abomination's attack.
The raiju closely misses you. You block the neqoxec's attack.
You block the raiju's attack.
You slash the neqoxec!
You kill the neqoxec!
The large abomination hits you.
* * * LOW HITPOINT WARNING * * *
The raiju barely misses you. You block the raiju's attack.
The Hell Sentinel hits you but does no damage.
The Hell Sentinel hits you!
* * * LOW HITPOINT WARNING * * *
The large abomination hits you but does no damage.
You slash the raiju!
The raiju writhes in agony.
The raiju is moderately wounded.
The raiju completely misses you. The raiju bites you but does no damage.
The large abomination barely misses you.
You block the raiju's attack. The Hell Sentinel hits you!!
You die...

§ .# .
##.#.. ###
##.. #.
..#
..#.#.. ..
## ..... .
.#. #
##....#. .
# # ...#.#
# #hh#.# #
§#@X#
#.#h1#...#
###.##
#.... .#
.# .#. ..
## . . ..#
. .#. .
.#.#


You could see a Hell Sentinel, a large abomination and 3 raiju.

Vanquished Creatures
  2 tentacled monstrosities
  A lich (Abyss:2)
  A thorn hunter (Swamp:3)
  Gastronok (D:10)
  Donald (Swamp:2)
  6 ghouls (Swamp:3)
  5 eleionomae
  4 bunyips
  Snorg (Orc:2)
  A shambling mangrove (Swamp:3)
  Fannar (Orc:1)
  A demonspawn (Orc:2)
  5 hydras
  A catoblepas (Lair:5)
  A ghost crab (Lair:2)
  Erolcha (Orc:2)
  A boulder beetle (Lair:4)
  10 alligators
  A deep troll shaman (Lair:5)
  6 death yaks
  2 two-headed ogres
  A hell hog (Abyss:2)
  6 orc high priests (Orc:2)
  4 thrashing horrors (Abyss:2)
  A soul eater (Orc:2)
  2 skysharks (Lair:5)
  A pharaoh ant (Lair:2)
  8 goliath frogs
  5 bog bodies
  A spriggan druid (Swamp:4)
  2 large abominations (Abyss:2)
  5 swamp dragons
  4 orc knights (Orc:2)
  2 lindwurms (Lair:5)
  4 ugly things
  5 orc sorcerers (Orc:2)
  A worldbinder (Abyss:2)
  5 will-o-the-wisps
  4 black mambas
  24 elephants
  An orange demon (Swamp:4)
  A torpor snail (Lair:2)
  9 cane toads
  Jeremiah (D:7)
  A kobold demonologist (D:9)
  A rime drake (Lair:5)
  12 komodo dragons
  An efreet (Abyss:3)
  4 trolls
  A red devil (Orc:2)
  7 tyrant leeches
  A polar bear (Lair:5)
  A bloated husk (Swamp:3)
  8 hornets
  23 blink frogs
  3 raiju (Abyss:2)
  2 jumping spiders (Lair:3)
  8 spriggans
  2 wraiths
  3 shadows
  46 yaks
  A slime creature (D:8)
  4 wyverns
  A ynoxinul (Abyss:2)
  Grum (Lair:1)
  2 chaos spawn (Abyss:2)
  7 vampire mosquitoes
  A basilisk (Lair:1)
  3 steam dragons
  Menkaure (D:6)
  A warg (Orc:1)
  2 neqoxecs
  Edmund (D:6)
  15 swamp worms
  An acid dragon (D:7)
  15 water moccasins
  A sky beast (D:7)
  A swamp drake (D:10)
  An ice beast (D:6)
  2 ogres
  25 orc warriors
  A black bear (Lair:5)
  3 small abominations (Abyss:2)
  3 centaurs
  38 wolves
  6 kobold brigands
  5 bullfrogs
  2 gnoll sergeants
  A necrophage (Swamp:3)
  9 scorpions
  11 wights
  17 killer bees
  3 howler monkeys
  An electric eel (Lair:1)
  A crimson imp (D:10)
  2 hounds
  31 orc priests
  Natasha (thrice) (D:3)
  2 sleepcaps
  An iguana (D:3)
  27 orc wizards
  6 gnolls
  14 adders
  4 river rats (Sewer)
  A shadow imp (D:7)
  A white imp (D:7)
  3 ufetubi (D:6)
  A worm (D:5)
  2 dart slugs
  75 orcs
  10 ball pythons
  9 bats
  7 endoplasms
  8 giant cockroaches
  14 goblins
  9 hobgoblins
  3 quokkas
  2 frilled lizards
  44 kobolds
  30 rats
770 creatures vanquished.

Vanquished Creatures (collateral kills)
  25 foxfires
25 creatures vanquished.

Vanquished Creatures (others)
  A bloated husk (Swamp:2)
  3775 foxfires
3776 creatures vanquished.

Grand Total: 4571 creatures vanquished

Notes
Turn   | Place    | Note
-------+----------+-------------------------------------------
     0 | D:1      | Lobster4 the Djinni Gladiator began the quest for the Orb.
     0 | D:1      | Reached XP level 1. HP: 18/18 MP: 0/0
    80 | D:1      | Reached XP level 2. HP: 23/23 MP: 0/0
   509 | D:2      | Reached XP level 3. HP: 28/28 MP: 0/0
   509 | D:2      | Learned a level 1 spell: Foxfire
  1012 | D:2      | Identified the +2 pair of gloves of Cowardice {Contam rPois
                  | Stlth+}
  1403 | D:3      | Reached XP level 4. HP: 33/33 MP: 0/0
  1429 | D:3      | Reached skill level 1 in Armour
  1445 | D:3      | Noticed Natasha
  1741 | D:3      | Reached skill level 1 in Spellcasting
  1741 | D:3      | Reached skill level 1 in Conjurations
  1741 | D:3      | Reached skill level 1 in Hexes
  1741 | D:3      | Reached skill level 1 in Summonings
  1741 | D:3      | Reached skill level 1 in Necromancy
  1741 | D:3      | Reached skill level 1 in Translocations
  1741 | D:3      | Reached skill level 1 in Transmutations
  1741 | D:3      | Reached skill level 1 in Fire Magic
  1741 | D:3      | Reached skill level 1 in Ice Magic
  1741 | D:3      | Reached skill level 1 in Air Magic
  1741 | D:3      | Reached skill level 1 in Earth Magic
  1741 | D:3      | Reached skill level 1 in Poison Magic
  1741 | D:3      | Reached XP level 5. HP: 34/40 MP: 0/0
  1741 | D:3      | Learned a level 2 spell: Searing Ray
  1959 | D:3      | Reached skill level 3 in Fighting
  2264 | D:4      | Reached XP level 6. HP: 46/46 MP: 0/0
  2467 | D:4      | Reached XP level 7. HP: 50/50 MP: 0/0
  2467 | D:4      | Learned a level 2 spell: Static Discharge
  2496 | D:4      | Found an opulent altar of Gozag.
  3095 | D:4      | Reached skill level 5 in Dodging
  3316 | D:4      | Reached skill level 4 in Fighting
  3389 | D:4      | Reached XP level 8. HP: 58/58 MP: 0/0
  3567 | D:5      | Entered Level 5 of the Dungeon
  3717 | D:5      | Found a broken altar of Ashenzari.
  3770 | D:5      | Found a glowing drain.
  3836 | Sewer    | Entered a sewer
  4760 | D:5      | Reached skill level 5 in Fighting
  5233 | D:5      | Found Wistriufu's Overcharged Wands.
  5495 | D:6      | Reached XP level 9. HP: 57/65 MP: 0/0
  5495 | D:6      | Learned a level 3 spell: Ozocubu's Armour
  5554 | D:6      | Noticed Menkaure
  5558 | D:6      | Killed Menkaure
  5559 | D:6      | Reached skill level 5 in Armour
  5655 | D:6      | Noticed Edmund
  5672 | D:6      | Killed Edmund
  5844 | D:6      | Reached skill level 6 in Fighting
  6068 | D:6      | Found a blossoming altar of Fedhas.
  6317 | D:7      | Found a staircase to the Ecumenical Temple.
  6326 | Temple   | Entered the Ecumenical Temple
  6438 | D:7      | Reached skill level 7 in Fighting
  6607 | D:7      | Found a glowing golden altar of the Shining One.
  6613 | D:7      | Found a basalt altar of Yredelemnul.
  6615 | D:7      | Noticed a profane servitor
  6737 | D:7      | Noticed Jeremiah
  6868 | D:7      | Noticed an angel
  6993 | D:7      | Killed Jeremiah
  6994 | D:7      | Reached skill level 5 in Spellcasting
  6994 | D:7      | Reached skill level 5 in Conjurations
  6994 | D:7      | Reached skill level 5 in Hexes
  6994 | D:7      | Reached skill level 5 in Summonings
  6994 | D:7      | Reached skill level 5 in Necromancy
  6994 | D:7      | Reached skill level 5 in Translocations
  6994 | D:7      | Reached skill level 5 in Transmutations
  6994 | D:7      | Reached skill level 5 in Fire Magic
  6994 | D:7      | Reached skill level 5 in Ice Magic
  6994 | D:7      | Reached skill level 5 in Air Magic
  6994 | D:7      | Reached skill level 5 in Earth Magic
  6994 | D:7      | Reached skill level 5 in Poison Magic
  6994 | D:7      | Reached XP level 10. HP: 29/75 MP: 0/0
  7290 | D:8      | Found Jaocamis's Antique Armour Shop.
  7299 | D:8      | Bought a runed buckler for 247 gold pieces
  7301 | D:8      | Found a runed translucent gate.
  7302 | D:8      | Found a runed translucent gate.
  7302 | D:8      | Noticed an 11-headed hydra
  7303 | D:8      | Found a runed translucent gate.
  7304 | D:8      | Noticed Xavori's ghost (novice DjCK)
  7584 | D:8      | Reached skill level 1 in Shields
  7827 | D:8      | Reached skill level 8 in Fighting
  8159 | D:8      | Found a sparkling altar of Nemelex Xobeh.
  8542 | D:8      | Found a staircase to the Lair.
  9072 | D:9      | Reached skill level 1 in Evocations
  9125 | D:9      | Noticed a kobold demonologist
  9129 | D:9      | Noticed a rust devil
  9142 | D:9      | Killed a kobold demonologist
  9143 | D:9      | Reached XP level 11. HP: 35/82 MP: 0/0
  9143 | D:9      | Learned a level 5 spell: Borgnjor's Vile Clutch
  9365 | D:9      | Reached skill level 5 in Polearms
  9414 | D:9      | Noticed a two-headed ogre
  9423 | D:9      | Killed a two-headed ogre
  9424 | D:9      | Reached skill level 9 in Fighting
  9675 | D:9      | Found a bloodstained altar of Trog.
  9832 | D:10     | Entered Level 10 of the Dungeon
  9927 | D:10     | Found a snail-covered altar of Cheibriados.
  9983 | D:10     | Found a shadowy altar of Dithmenos.
 10247 | D:10     | Found an ornate altar of the Wu Jian Council.
 10494 | D:10     | Found a shimmering altar of Xom.
 10494 | D:10     | Found a burning altar of Makhleb.
 10857 | D:10     | Found a staircase to the Orcish Mines.
 10870 | D:10     | Reached skill level 5 in Shields
 11063 | D:11     | Noticed Gastronok
 11085 | D:10     | Killed Gastronok
 11220 | D:11     | Noticed Amaemon
 11390 | D:11     | Reached XP level 12. HP: 90/90 MP: 0/0
 11481 | D:11     | Noticed Harold
 11868 | Lair:1   | Entered Level 1 of the Lair of Beasts
 11994 | Lair:1   | Reached skill level 10 in Fighting
 12102 | Lair:1   | Noticed Grum
 12127 | Lair:1   | Killed Grum
 12190 | Lair:1   | You are sucked into a shaft and drop 1 floor!
 12571 | Lair:1   | Reached XP level 13. HP: 35/98 MP: 0/0
 12571 | Lair:1   | Learned a level 5 spell: Alistair's Intoxication
 12639 | Lair:1   | Reached skill level 11 in Fighting
 12712 | Lair:1   | Identified the +5 long sword of the Tundras {pain, Str+4
                  | Int+3}
 13112 | Lair:2   | Noticed an eleionoma
 13130 | Lair:2   | Killed an eleionoma
 13131 | Lair:2   | Reached skill level 1 in Long Blades
 13632 | Lair:2   | Found a staircase to the Swamp.
 14420 | Lair:3   | Identified the +9 glaive of the Common Good {flame, rN+
                  | Stlth+}
 14504 | Lair:3   | Found a hole to the Spider Nest.
 14976 | Orc:1    | Entered Level 1 of the Orcish Mines
 15067 | Orc:2    | Entered Level 2 of the Orcish Mines
 15118 | Orc:2    | Found Roussiv's Armour Shop.
 15139 | Orc:2    | Reached skill level 1 in Stealth
 15187 | Orc:2    | Noticed Jorgrun
 15225 | Orc:1    | You are sucked into a shaft and drop 1 floor!
 15293 | Orc:2    | Found a staircase to the Elven Halls.
 15759 | Orc:2    | Noticed Erolcha
 15781 | Orc:2    | Killed Erolcha
 15826 | Orc:2    | Found Oxken's Book Boutique.
 15938 | Orc:1    | Noticed Snorg
 15940 | Orc:1    | Found a runed translucent gate.
 15940 | Orc:1    | Found a runed translucent gate.
 15940 | Orc:1    | Found a runed translucent gate.
 15940 | Orc:1    | Noticed a minotaur
 15940 | Orc:1    | Noticed a merfolk javelineer
 15940 | Orc:1    | Noticed a centaur warrior
 15995 | Orc:2    | Killed Snorg
 16022 | Orc:1    | Noticed a merfolk impaler
 16067 | Orc:1    | Noticed Kot Teycw's ghost (journeyman DrSh)
 16250 | Orc:1    | Noticed Fannar
 16303 | Orc:1    | Killed Fannar
 16304 | Orc:1    | Reached XP level 14. HP: 91/106 MP: 0/0
 17526 | Lair:3   | Reached skill level 12 in Fighting
 17753 | Lair:4   | Reached skill level 10 in Poison Magic
 18675 | Lair:5   | Entered Level 5 of the Lair of Beasts
 18773 | Lair:5   | Found a viscous altar of Jiyva.
 18774 | Lair:5   | Found a staircase to the Slime Pits.
 18936 | Lair:5   | Reached skill level 10 in Dodging
 19086 | Lair:5   | Reached skill level 5 in Long Blades
 19487 | Lair:5   | Reached skill level 10 in Armour
 19602 | Lair:5   | Reached skill level 10 in Shields
 19602 | Lair:5   | Reached XP level 15. HP: 105/113 MP: 0/0
 19602 | Lair:5   | Learned a level 6 spell: Conjure Ball Lightning
 20288 | Lair:5   | Identified the staff of Sudiuf {+Blink rPois rF+ rC+ Int-2
                  | Fire}
 20580 | D:3      | Killed Natasha
 20716 | D:3      | Noticed Natasha
 20722 | D:3      | Killed Natasha
 20852 | D:3      | Noticed Natasha
 20857 | D:3      | Killed Natasha
 21644 | Orc:2    | Reached skill level 13 in Fighting
 21656 | Orc:2    | Found Fuet's Magic Scroll Boutique.
 21658 | Orc:2    | Found Oteg's General Store.
 21776 | Orc:2    | Bought a potion of might for 40 gold pieces
 21776 | Orc:2    | Bought a scroll of blinking for 75 gold pieces
 21998 | Orc:2    | Gained mutation: Your spells are a little easier to cast,
                  | but a little less powerful. [a neqoxec]
 22129 | Orc:2    | Gained mutation: Your body sometimes deteriorates upon
                  | taking damage. [a neqoxec]
 22130 | Orc:2    | Gained mutation: You occasionally lose the ability to drink
                  | potions when taking damage. [a neqoxec]
 22751 | Orc:2    | Found Kuxteg's Antique Armour Shoppe.
 22751 | Orc:2    | Found Wuar's Book Emporium.
 22752 | Orc:2    | Found a one-way gate leading to the halls of Pandemonium.
 22776 | Orc:2    | Lost mutation: Your body sometimes deteriorates upon taking
                  | damage. [potion of mutation]
 22776 | Orc:2    | Lost mutation: Your spells are a little easier to cast, but
                  | a little less powerful. [potion of mutation]
 22776 | Orc:2    | Lost mutation: You occasionally lose the ability to drink
                  | potions when taking damage. [potion of mutation]
 22776 | Orc:2    | Gained mutation: You have hidden genetic potential. [potion
                  | of mutation]
 22989 | Swamp:1  | Entered Level 1 of the Swamp
 23583 | Swamp:1  | Reached skill level 14 in Fighting
 23839 | Swamp:1  | Reached XP level 16. HP: 109/123 MP: 0/0
 24062 | Swamp:2  | Noticed Donald
 24093 | Swamp:2  | Killed Donald
 24785 | Swamp:3  | Noticed a thorn hunter
 25269 | Swamp:3  | Gained mutation: You are partially covered in iridescent
                  | scales. (AC +2) [hidden potential]
 25516 | Swamp:3  | Noticed a tentacled monstrosity
 25565 | Swamp:3  | Killed a tentacled monstrosity
 26060 | Swamp:4  | Entered Level 4 of the Swamp
 26070 | Swamp:4  | Noticed a tentacled monstrosity
 26083 | Swamp:4  | Killed a tentacled monstrosity
 26433 | Swamp:3  | Killed a thorn hunter
 26460 | Swamp:3  | Reached skill level 5 in Evocations
 26653 | Swamp:3  | Reached skill level 10 in Spellcasting
 26653 | Swamp:3  | Reached skill level 10 in Conjurations
 26653 | Swamp:3  | Reached skill level 10 in Hexes
 26653 | Swamp:3  | Reached skill level 10 in Summonings
 26653 | Swamp:3  | Reached skill level 10 in Necromancy
 26653 | Swamp:3  | Reached skill level 10 in Translocations
 26653 | Swamp:3  | Reached skill level 10 in Transmutations
 26653 | Swamp:3  | Reached skill level 10 in Fire Magic
 26653 | Swamp:3  | Reached skill level 10 in Ice Magic
 26653 | Swamp:3  | Reached skill level 10 in Air Magic
 26653 | Swamp:3  | Reached skill level 10 in Earth Magic
 26653 | Swamp:3  | Reached XP level 17. HP: 88/130 MP: 0/0
 26653 | Swamp:3  | Learned a level 6 spell: Dispersal
 26791 | Abyss:2  | Cast into level 2 of the Abyss (spriggan rider)
 27096 | Abyss:2  | Found a corrupted altar of Lugonu.
 27118 | Swamp:4  | Escaped the Abyss
 27137 | Swamp:4  | HP: 4/130 [spriggan rider/+0 spear (12)]
 27308 | Swamp:4  | Reached skill level 15 in Fighting
 27319 | Abyss:2  | Cast into level 2 of the Abyss (spriggan rider)
 27352 | Abyss:2  | Noticed a lich
 27365 | Abyss:2  | Killed a lich
 27379 | Abyss:2  | Noticed a Hell Sentinel
 27437 | Abyss:2  | Noticed a Hell Sentinel
 27437 | Abyss:2  | Noticed a tentacled starspawn
 27449 | Abyss:2  | Noticed a Hell Sentinel
 27458 | Abyss:2  | Gained mutation: You are frail. (-10% HP) [a neqoxec]
 27460 | Abyss:2  | Gained mutation: You occasionally shout uncontrollably at
                  | your foes. [a neqoxec]
 27470 | Abyss:3  | Identified the of Ephe
 27539 | Abyss:3  | Slain by a Hell Sentinel

Illustrated notes

Levels and vault maps discovered:
D:1:      dpeg_arrival_chambers_temple_mockup, layout_rooms
D:2:      layout_basic
D:3:      layout_rooms, mainiacjoe_overflow_boulevard, minmay_misc_feat_tiny,
          dreamdust_wishing_well, minmay_randomly_rotated_circles, uniq_natasha
D:4:      old_forge, layout_basic, grunt_gozag_statues
D:5:      layout_basic, nicolae_ashenzari_panopticon, portal_sewer_entry_a,
          chequers_serial_rivers_micro_e, nicolae_shop_overcharged_wands
D:6:      layout_loops_ring, marbit_many_paths, uniq_menkaure, uniq_edmund
D:7:      layout_rooms, lemuel_coloured_pillars_altar,
          grunt_temple_overflow_holy_war, minmay_temple_entry_trees,
          uniq_jeremiah
D:8:      layout_layer_cave, mainiacjoe_overflow_surrounded_room,
          lair_entry_dummy, gammafunk_ghost_hydra_chop, serial_shops,
          nicolae_shop_pleasant_corner_grove, minmay_manual_monstrance
D:9:      layout_rooms, trog_hazing_becter, minmay_diced_spiral
D:10:     layout_irregular_city, grunt_temple_overflow_champion_of_chaos,
          mainiacjoe_overflow_paths, nicolae_wu_jian_wuxing_cycle,
          mainiacjoe_overflow_small_starburst, erik_orc_1, lemuel_flame_loot_1
D:11:     layout_rooms, uniq_harold, uniq_amaemon, uniq_gastronok
Temple:   nicolae_temple_superstar
Lair:1:   layout_regular_city, minivault_23, grunt_forest_large_clearings,
          serial_bayou_shore_a, uniq_grum
Lair:2:   layout_cave_pods, alex1729_swamp_entry_worm_eleionoma,
          chequers_serial_rivers_marsh
Lair:3:   layout_concentric_octagons, nicolae_spider_entry_lesser_pyramids,
          beast_lair_carwin_1
Lair:4:   layout_cave_pods, lookout_lair_type, infiniplex_staircase_pool_2
Lair:5:   grunt_lair_end_beastmaster, layout_misc_corridors, slime_entry_1,
          grunt_megastairs_5
Swamp:1:  layout_basic_swamp, evilmike_swamp_ruin_house_5, swamp_pool_1_2,
          infiniplex_staircase_pool
Swamp:2:  layout_falls_marsh, nicolae_swamp_well_well_well, uniq_donald
Swamp:3:  nzn_winding_woodlands_small [nzn_winding_woodlands_5x15_zeroes,
          nzn_winding_woodlands_center_diamonds,
          nzn_winding_woodlands_5x15_concentric], layout_basic_swamp,
          nicolae_swamp_tree_isthmus, nicolae_swamp_long_stream
Swamp:4:  swamp_vile, layout_basic_swamp
Orc:1:    layout_diamond_mine, gammafunk_ghost_fury_of_okawaru, uniq_snorg,
          uniq_fannar
Orc:2:    pf_orc_diabolical, layout_caves, serial_shops, shop, shop,
          uniq_jorgrun, uniq_erolcha
Abyss:3:  base: D:12, base:
D:5

Skill      XL: |  1  2  3  4  5  6  7  8  9 10 11 12 13 14 15 16 17 |
---------------+----------------------------------------------------+-----
Throwing       | 2 |  2.0
Armour         | 1 2 3 4 5 6 7 8 10 11 | 11.4
Polearms       | 3 4 5 |  5.9
Dodging        | 4 5 6 7 8 9 10 11 | 11.6
Spellcasting   | 1 2 3 5 6 7 8 9 10 | 10.1
Conjurations   | 1 2 3 5 6 7 8 9 10 | 10.1
Hexes          | 1 2 3 5 6 7 8 9 10 | 10.1
Summonings     | 1 2 3 5 6 7 8 9 10 | 10.1
Necromancy     | 1 2 3 5 6 7 8 9 10 | 10.1
Translocations | 1 2 3 5 6 7 8 9 10 | 10.1
Transmutations | 1 2 3 5 6 7 8 9 10 | 10.1
Fire Magic     | 1 2 3 5 6 7 8 9 10 | 10.1
Ice Magic      | 1 2 3 5 6 7 8 9 10 | 10.1
Air Magic      | 1 2 3 5 6 7 8 9 10 | 10.1
Earth Magic    | 1 2 3 5 6 7 8 9 10 | 10.1
Poison Magic   | 1 2 3 5 6 7 8 9 10 12 | 12.9
Fighting       | 3 4 5 7 8 9 10 11 12 14 15 | 15.0
Shields        | 3 5 7 8 10 | 10.0
Evocations     | 1 3 4 5 |  5.0
Long Blades    | 3 5 8 9 |  9.5
Stealth        | 1 2 |  2.0
Staves         | |  0.7

Action                     |  1- 3 |  4- 6 |  7- 9 | 10-12 | 13-15 | 16-18 || total
---------------------------+-------+-------+-------+-------+-------+-------++-------
  Melee: Trident           |    96 |   154 |   166 |    30 |  1054 |    19 ||  1519
         Punch             |       |       |     7 |       |       |       ||     7
         Staff             |       |       |    27 |       |       |       ||    27
         Long sword        |       |       |       |       |   125 |   354 ||   479
  Throw: Javelin           |       |    16 |    30 |       |    40 |    12 ||    98
         Dart              |       |    18 |    50 |     8 |    28 |     4 ||   108
         Throwing net      |       |       |     3 |       |     3 |       ||     6
   Cast: Foxfire           |       |     4 |   211 |   652 |   844 |   452 ||  2163
         Searing Ray       |       |       |    23 |    34 |    14 |       ||    71
         Static Discharge  |       |       |     2 |    88 |    63 |    11 ||   164
         Ozocubu's Armour  |       |       |       |    22 |    60 |    31 ||   113
         Borgnjor's Vile C |       |       |       |       |    44 |    60 ||   104
  Evoke: Wand              |       |       |     7 |     2 |       |       ||     9
    Use: Scroll            |     4 |     3 |     9 |    10 |     6 |     8 ||    40
         Potion            |       |       |     3 |     2 |     8 |     2 ||    15
   Stab: Sleeping          |     1 |     2 |     6 |       |       |       ||     9
         Distracted        |       |     1 |       |       |       |       ||     1
         Held in net/web   |       |       |     2 |       |       |       ||     2
 Armour: Leather armour    |    32 |    89 |   181 |    43 |       |       ||   345
         Troll leather arm |       |       |       |   288 |   798 |   428 ||  1514
         Robe              |       |       |       |       |     7 |       ||     7
  Dodge: Dodged            |    48 |    93 |   200 |   375 |  1369 |   531 ||  2616
         Repelled          |       |       |       |       |     4 |     8 ||    12
  Block: Buckler           |       |       |       |    85 |   682 |   291 ||  1058

Table legend: (Time is in decaauts)
 A = Elapsed time spent in this place.
 B = Non-inter-level travel time spent in this place.
 C = Inter-level travel time spent in this place.
 D = Time resting spent in this place.
 E = Time spent auto-exploring this place.
 F = Levels seen in this place.
 G = Mean time per level.
                   A        B        C        D        E       F      G
               +--------+--------+--------+--------+--------+-----+--------+
         Total |  27736 |  25599 |   2137 |   2760 |  13874 |  27 | 1027.3 |
       Dungeon |  12473 |  11243 |   1230 |    887 |   7433 |  11 | 1133.9 |
        Temple |      4 |      3 |      1 |      0 |      0 |   1 |    4.0 |
          Lair |   7215 |   6632 |    583 |    562 |   3489 |   5 | 1443.0 |
         Swamp |   3766 |   3606 |    160 |    569 |   1466 |   4 |  941.5 |
  Orcish Mines |   3023 |   2861 |    162 |    477 |   1039 |   2 | 1511.5 |
         Abyss |    538 |    538 |      0 |    138 |     77 |   3 |  179.3 |
         Sewer |    714 |    714 |      0 |    127 |    370 |   1 |  714.0 |
               +--------+--------+--------+--------+--------+-----+--------+

Top non-repeatable levels by time:
   Orc:2: 2396 daAuts
     D:8: 2087 daAuts
 Swamp:3: 1991 daAuts
  Lair:5: 1704 daAuts
  Lair:2: 1667 daAuts
    D:10: 1657 daAuts
     D:4: 1483 daAuts
     D:3: 1469 daAuts
  Lair:1: 1334 daAuts
  Lair:3: 1275 daAuts
  Lair:4: 1233 daAuts
     D:7: 1202 daAuts
     D:5: 1086 daAuts
     D:2: 904 daAuts
     D:6: 794 daAuts
